 Dungeon Crawl Stone Soup version 0.29-a0-982-gaed3a0c8d8 (webtiles) character file.

Game seed: 2836863259548077643

221 Sobieck the Sneak (level 5, 0/27 HPs)
             Began as a Vine Stalker Brigand on Aug 1, 2022.
             Slain by an orc
             ... wielding a +0 falchion
              (3 damage)
             ... on level 3 of the Dungeon.
             The game lasted 00:03:55 (1713 turns).

Sobieck the Sneak (Vine Stalker Brigand)            Turns: 1713, Time: 00:03:56

Health: 0/27       AC:  6    Str: 13    XL:     5   Next: 98%
Magic:  0/8        EV: 12    Int: 11    God:
Gold:   77         SH:  0    Dex: 18    Spells: 7/7 levels left

rFire   . . .      SeeInvis .   a - +2 dagger {short}
rCold   . . .      Faith    .   (no shield)
rNeg    . . .      Spirit   +   b - +0 robe
rPois   .          Reflect  .   (no helmet)
rElec   .          Harm     .   c - +0 cloak
rCorr   .          Rampage  .   o - +2 pair of gloves
Will    .....                   (no boots)
Stlth   +++.......              (no amulet)
HPRegen 0.89/turn               (no ring)
MPRegen 0.11/turn               (no ring)

@: no status effects
A: fangs 2, regeneration 1, magic shield, antimagic bite, no potion heal 2
a: no special abilities


You were on level 3 of the Dungeon.
You visited 1 branch of the dungeon, and saw 3 of its levels.

You collected 77 gold pieces.


Innate Abilities, Weirdness & Mutations

You have extremely sharp teeth.
Your natural rate of healing is unusually fast.
When hurt, damage is shared between your health and your magic reserves.
Your bite disrupts and absorbs the magic of your enemies.
Potions cannot restore your health.


   Skills:
 + Level 2.6 Fighting
 * Level 3.4 Short Blades
 - Level 1.7 Throwing
 + Level 1.9 Dodging
 + Level 5.7 Stealth
 + Level 1.9 Spellcasting


You had 7 spell levels left.
You didn't know any spells.
Your spell library contained the following spells:

 Spells                   Type           Power      Damage    Failure   Level
 Inner Flame              Hex/Fire       1%         N/A       65%         3
 Cause Fear               Hex            0%         N/A       96%         4
 Discord                  Hex            0%         N/A       100%        8

Inventory:

Hand Weapons
 a - a +2 dagger (weapon) {short}
Missiles
 d - 15 poisoned darts {throwing}
 e - a curare-tipped dart (quivered) {=fthrowing}
 i - 19 stones {throwing}
Armour
 b - a +0 robe (worn)
 c - a +0 cloak (worn)
 f - a +0 leather armour
   (You found it on level 1 of the Dungeon)
 k - a +0 chain mail
   (You found it on level 1 of the Dungeon)
 l - a +0 chain mail
   (You found it on level 1 of the Dungeon)
 o - a +2 pair of gloves (worn)
   (You found it on level 2 of the Dungeon)
Scrolls
 g - a scroll of vulnerability {unknown}
 h - 2 scrolls of teleportation {unknown}
 m - a scroll of fear {unknown}
 p - a scroll of enchant armour {unknown}
 q - a scroll of amnesia {unknown}
 r - a scroll of noise {unknown}
Potions
 j - a potion of attraction {unknown}
 n - a potion of might {unknown}
 s - a potion of curing {unknown}

Dungeon Overview and Level Annotations

Branches:
Dungeon (3/15) Zot: 16299

Altars:

Annotations:
D:1 exclusion: downstairs
D:2 Necrophage

.....)...#..
...........###
.............
..........((.#
≈............###.
........)o..?...
......oor#
##..###o.#
#...##@.#
#.#..#..#
#.......#
#<##....#
#.###.#.###..
##...........#
.####..†....######
........#######
####..........#


You could see 4 orcs and a rat.


Message History

Danger!
The bat closely misses you.
You closely miss the bat. You bite the bat, but do no damage.
The bat barely misses you. The bat hits you but does no damage.
You hit the bat. The bat hits you but does no damage.
You hit the bat.
You kill the bat!
No target in view!
Sigmund the Dreaded comes into view.
He is wielding a +0 scythe.
Sigmund shouts!
A giant cockroach comes into view.
Sigmund casts a spell at you. The puff of flame hits you.
Danger!
Unknown command.
You throw a curare-tipped dart {=fthrowing}.
The curare-tipped dart {=fthrowing} hits Sigmund.
Sigmund is poisoned.
Sigmund convulses.
Sigmund seems to slow down.
You throw a curare-tipped dart {=fthrowing}.
The curare-tipped dart {=fthrowing} closely misses the giant cockroach.
Sigmund casts a spell at you. The magic dart hits you.
Unknown command.
An orc comes into view. It is wielding a +0 falchion.
A rat comes into view.
The giant cockroach closely misses you.
Sigmund mumbles some strange words.
Sigmund flickers and vanishes!
Deactivating autopickup; reactivate with Ctrl-A.
There is an escape hatch in the ceiling here.
You barely miss the giant cockroach.
The orc shouts!
Your bite misses the giant cockroach.
The giant cockroach bites you but does no damage.
You hit the giant cockroach. You bite the giant cockroach.
You kill the giant cockroach!
An orc comes into view. It is wielding a +0 dagger of speed.
An orc comes into view. It is wielding a +0 hand axe.
Something hits you.
You see here a giant cockroach corpse.
You miss something. The rat barely misses you.
The orc hits you with a +0 falchion.
You hear some strange, mumbled words.
Something tries to affect you, but you resist.
You hit something. You closely miss something. The orc closely misses you.
An orc comes into view. It is wielding a +0 flail.
The rat bites you. Something hits you but does no damage.
You closely miss something.
The orc shouts!
Your bite misses something. The orc closely misses you.
The orc hits you with a +0 falchion. The rat bites you.
The orc hits you but does no damage.
You barely miss something. You bite something. You drain its magic.
You feel invigorated. The orc hits you but does no damage.
The rat bites you but does no damage. The orc hits you but does no damage.
You miss something. Something barely misses you. The orc barely misses you.
The rat misses you. The orc barely misses you.
Unknown command.
You hit something. You bite something. You drain its magic.
The orc hits you with a +0 dagger of speed.
The rat closely misses you. The orc barely misses you.
You miss something. The orc barely misses you. Something hits you!
The orc closely misses you. The rat bites you but does no damage.
You hit something but do no damage. The orc closely misses you.
Unknown command.
You miss something. The orc hits you but does no damage.
The orc barely misses you. The rat bites you but does no damage.
Something hits you.
You hit something.
Reactivating autopickup.
You feel a bit more experienced. The orc hits you but does no damage.
The rat bites you but does no damage. The orc barely misses you.
Your Short Blades skill increases to level 3!
You have reached level 5!
You barely miss the orc. The orc hits you with a +0 falchion.
The rat misses you. The orc misses you. The orc closely misses you.
The orc hits you with a +0 dagger of speed.
You barely miss the orc. Your bite misses the orc.
The orc hits you but does no damage. The rat barely misses you.
The orc hits you with a +0 falchion. The orc hits you with a +0 flail.
The orc hits you with a +0 hand axe.
* * * LOW HITPOINT WARNING * * *
Unknown command.
You hit the orc.
The orc hits you with a +0 dagger of speed.
* * * LOW HITPOINT WARNING * * *
The rat barely misses you. The orc hits you with a +0 flail.
* * * LOW HITPOINT WARNING * * *
The orc hits you but does no damage. The orc hits you with a +0 falchion.
* * * LOW HITPOINT WARNING * * *
You hit the orc. Your bite misses the orc.
The orc hits you with a +0 dagger of speed.
* * * LOW HITPOINT WARNING * * *
The orc hits you but does no damage. The orc attacks as you move away!
The orc barely misses you. x2
The orc attacks as you move away! The orc closely misses you.
The orc hits you with a +0 falchion.
You die...

Skill      XL: |  1  2  3  4 |
---------------+-------------+-----
Short Blades   | 2 3 |  3.4
Dodging        | 1 |  1.9
Stealth        | 5 |  5.7
Fighting       | 2 |  2.6
Spellcasting   | 1 |  1.9
Throwing       | |  1.7

Action                   |  1- 3 |  4- 6 || total
-------------------------+-------+-------++-------
Melee: Dagger            |    77 |    20 ||    97
       Bite              |    13 |     4 ||    17
       Punch             |     2 |       ||     2
Throw: Dart              |     7 |     3 ||    10
 Stab: Sleeping          |     7 |       ||     7
       Distracted        |     1 |       ||     1
Armor: Robe              |    16 |    16 ||    32
Dodge: Dodged            |    33 |    25 ||    58

Levels and vault maps discovered:
D:1:      heliophobic_arrival_dark_side_of_the_moon, layout_basic,
          chequers_ecumenical_altar_grove
D:2:      layout_rooms
D:3:      layout_rooms, chei_slow_surprise, lemuel_round_altar,
          mainiacjoe_overflow_catwalk, serial_shops, shop,
          serial_bayou_crossing, uniq_sigmund

Notes
Turn   | Place    | Note
-------+----------+-------------------------------------------
     0 | D:1      | Sobieck the Vine Stalker Brigand began the quest for the
                  | Orb.
     0 | D:1      | Reached XP level 1. HP: 11/11 MP: 2/2
   214 | D:1      | You fall into a shaft and drop 1 floor!
   231 | D:1      | Reached skill level 2 in Short Blades
   313 | D:1      | Reached skill level 1 in Dodging
   313 | D:1      | Reached XP level 2. HP: 10/15 MP: 3/3
   501 | D:1      | Reached skill level 5 in Stealth
   747 | D:1      | Reached skill level 2 in Fighting
   868 | D:1      | Found a faded altar of an unknown god.
  1174 | D:2      | Reached XP level 3. HP: 16/18 MP: 3/5
  1280 | D:2      | Reached skill level 1 in Spellcasting
  1441 | D:2      | You pick up a book of Hexes and begin reading...
  1441 | D:2      | You add the spells Inner Flame, Cause Fear and Discord to
                  | your library.
  1570 | D:2      | Gained mutation: Your natural rate of healing is unusually
                  | fast. [Vine Stalker growth]
  1570 | D:2      | Reached XP level 4. HP: 23/23 MP: 6/6
  1648 | D:2      | Noticed a necrophage
  1688 | D:3      | Noticed Sigmund
  1707 | D:3      | Killed Sigmund
  1708 | D:3      | Reached skill level 3 in Short Blades
  1708 | D:3      | Reached XP level 5. HP: 18/27 MP: 5/8
  1710 | D:3      | HP: 6/27 [orc/+0 flail (4)]
  1711 | D:3      | HP: 1/27 [orc/+0 dagger of speed (3)]
  1713 | D:3      | Slain by an orc

Vanquished Creatures
  Sigmund (D:3)
  2 adders (D:2)
  An endoplasm (D:2)
  4 giant cockroaches
  6 hobgoblins
  2 jackals (D:2)
  3 kobolds
  2 quokkas (D:2)
  4 ball pythons
  2 bats
  3 frilled lizards
  7 goblins
  3 rats
40 creatures vanquished.

Vanquished Creatures (others)
  A plant (D:3)
1 creature vanquished.

Grand Total: 41 creatures vanquished

Table legend:
 A = Non-vault XP
 B = Vault XP
 C = Vault XP percentage of total XP
 D = Non-vault monster count
 E = Vault monster count
 F = Vault count percentage of total count
                 A         B        C        D         E       F
            +---------+---------+-------+---------+---------+-------
      Total |      86 |     231 |  72.9 |      39 |       1 |   2.5
            +---------+---------+-------+---------+---------+-------
        D:1 |      27 |       0 |   0.0 |      17 |       0 |   0.0
        D:2 |      55 |       0 |   0.0 |      20 |       0 |   0.0
        D:3 |       4 |     231 |  98.3 |       2 |       1 |  33.3
            +---------+---------+-------+---------+---------+-------

Illustrated notes

Table legend:
 A = Kills in this place as a percentage of kills in entire the game.
 B = Kills by you in this place as a percentage of kills by you in the entire game.
 C = Kills by friends in this place as a percentage of kills by friends in the entire game.
 D = Other kills in this place as a percentage of other kills in the entire game.
 E = Experience gained in this place as a percentage of experience gained in the entire game.
 F = Experience gained in this place divided by the number of levels of this place that you have seen.
                   A       B       C       D       E      F
               +-------+-------+-------+-------+-------+----------------------
         Total | 100.0 | 100.0 |   N/A |   N/A | 100.0 | 105.7
       Dungeon | 100.0 | 100.0 |   N/A |   N/A | 100.0 | 105.7
               +-------+-------+-------+-------+-------+----------------------

Table legend: (Time is in decaauts)
 A = Elapsed time spent in this place.
 B = Non-inter-level travel time spent in this place.
 C = Inter-level travel time spent in this place.
 D = Time resting spent in this place.
 E = Time spent auto-exploring this place.
 F = Levels seen in this place.
 G = Mean time per level.
                   A        B        C        D        E       F      G
               +--------+--------+--------+--------+--------+-----+--------+
         Total |   1699 |   1667 |     32 |      0 |   1400 |   3 |  566.3 |
       Dungeon |   1699 |   1667 |     32 |      0 |   1400 |   3 |  566.3 |
               +--------+--------+--------+--------+--------+-----+--------+

Top non-repeatable levels by time:
     D:1: 1118 daAuts
     D:2: 538 daAuts
     D:3: 42 daAuts
